 Dungeon Crawl Stone Soup version 0.31.0-32-g396128a36d (webtiles) character file.

Game seed: 11784939374163084604

1094 601d51SH the Cutter (level 8, 0/66 HPs)
             Began as a Hill Orc Fighter on Apr 2, 2024.
             Succumbed to Ijyb's poison
             ... on level 5 of the Dungeon.
             The game lasted 00:08:50 (2997 turns).

601d51SH the Cutter (Hill Orc Fighter)              Turns: 2997, Time: 00:08:50

Health: 0/66       AC: 10    Str: 21    XL:     8   Next: 31%
Magic:  8/8        EV: 11    Int: 11    God:
Gold:   186        SH:  4    Dex: 10    Spells: 7/7 levels left

rFire   + . .        l - +7 short sword of Bloodstone {flame, rF+ Int+3}
rCold   . . .        c - +0 buckler
rNeg    . . .        b - +0 scale mail
rPois   .            t - +0 helmet
rElec   .            (no cloak)
rCorr   .            y - +1 pair of gloves
SInv    .            (no boots)
Will    .....        (no amulet) Stlth
                     (no ring)
HPRegen 0.31/turn    (no ring)
MPRegen 0.11/turn

%: no passive effects
@: lethally poisoned (0 -> -8), weak-willed
A: no striking features
a: no special abilities


You were on level 5 of the Dungeon.
You visited 1 branch of the dungeon, and saw 7 of its levels.

You collected 186 gold pieces.

Inventory:

Hand Weapons
 a - a +0 war axe
 d - a +0 dagger of flaming
 l - the +7 short sword of Bloodstone (weapon) {flame, rF+ Int+3}
   (You found it on level 2 of the Dungeon)

   Int+3:     It affects your intelligence (+3).
   rF+:       It protects you from fire.
 A - a +2 flail of protection
Missiles
 j - 2 throwing nets (quivered)
Armour
 b - a +0 scale mail (worn)
 c - a +0 buckler (worn)
 t - a +0 helmet (worn)
 y - a +1 pair of gloves (worn)
Jewellery
 e - an amulet of faith
Wands
 v - a wand of roots (12)
Scrolls
 f - a scroll of torment {unknown}
 g - 3 scrolls of identify
 k - a scroll of blinking
 m - a scroll of vulnerability
 p - a scroll of enchant weapon {unknown}
 q - a scroll of noise {unknown}
 r - a scroll of teleportation {unknown}
 B - a scroll of enchant armour
Potions
 h - 2 potions of enlightenment {unknown}
 i - a potion of curing {unknown}
 n - a potion of ambrosia {unknown}
 o - a potion of heal wounds {unknown}
 s - a potion of might
 u - a potion of magic {unknown}
 w - a potion of resistance {unknown}
 x - a potion of cancellation {unknown}
 z - a potion of degeneration {unknown}


   Skills:
 - Level 4.1 Fighting
 - Level 6.2 Short Blades
 - Level 4.0 Axes
 - Level 4.0 Armour
 + Level 4.6 Dodging
 - Level 3.6 Shields


You had 7 spell levels left.
You didn't know any spells.
Your spell library contained the following spells:

 Spells                   Type           Power      Damage    Failure   Level
 Apportation              Tloc           0%         N/A       75%         1
 Necrotise                Necr           0%         1d4       75%         1
 Sting                    Conj/Alch      0%         1d3       75%         1
 Summon Small Mammal      Summ           0%         N/A       75%         1
 Inner Flame              Hex/Fire       0%         N/A       98%         3
 Flame Wave               Conj/Fire      0%         2d4       100%        4
 Sticky Flame             Fire/Alch      0%         2d4       100%        4


Dungeon Overview and Level Annotations

Branches:
Dungeon (7/15)
 Temple: D:4-7

Altars:
Makhleb
Sif Muna
The Shining One

Shops:
D:5 *


Message History

You kill Ijyb!
You feel very sick. 2 orcs and an orc priest come into view.
An orc is wielding a +1 whip of flaming.
* * * LOW HITPOINT WARNING * * *
You feel very sick.
The orc shouts! x2
The orc priest threatens, "By the altar or by the axe, you will meet Beogh!" (press Y on the ability menu to convert to Beogh)
The orc moves out of view.
Things that are here:
a +2 dagger of venom; a +0 chain mail; a wand of mindburst (11)
As you read the scroll labelled VEVYIT QANE, it crumbles to dust.
It is a scroll of identify.
k - 2 scrolls of blinking
* * * LOW HITPOINT WARNING * * *
You feel very sick. You block the orc's attack.
As you read the scroll labelled SORAKK EFOFOKK, it crumbles to dust.
The orc priest threatens, "By the altar or by the axe, you will meet Beogh!"
A wave of despondency washes over your surroundings.
It was a scroll of vulnerability.
* * * LOW HITPOINT WARNING * * *
You feel very sick.
As you read the scroll labelled JAVO WOCUNO, it crumbles to dust.
It is a scroll of enchant armour.
Your +0 pair of gloves glows green for a moment.
* * * LOW HITPOINT WARNING * * *
You feel very sick. The orc misses you.
The orc priest casts a cantrip, but nothing happens.
Blink to where?
Press: ? - help, Dir - move target An orc wizard comes into view.
It is wielding a +0 dagger.
As you read the scroll of blinking, it crumbles to dust.
* * * LOW HITPOINT WARNING * * *
You feel sick.
The orc wizard shouts!
Unknown command.
You die...

####.###..##..##............#..##
##.........................>..
####..##...................##
##..##..##.#...<###...#..##
#...............###...#..##
##..##..##............#..##
#.......##.#.....##..##..##
##..##.###.#.....##..##.###
##..##.###@......##..##.# #
#...##...............##.#
#......#.#.#.o....... ...
#......#...#....###.###.###
###............... ........
#.##.#.###...### ###.### #.##.#.#
#.... .... .....#.# #.## ####
.#.####o# .#


You could see an orc wizard.

Vanquished Creatures
  Grinder (D:3)
  A wyvern (D:5)
  A black bear (D:5)
  2 ogres (D:5)
  A centaur (D:6)
  A bombardier beetle (D:3)
  A hound (D:5)
  A jelly (D:5)
  A sleepcap (D:5)
  An iguana (D:5)
  Ijyb (D:5)
  Natasha (D:2)
  Robin (D:2)
  4 gnolls (D:3)
  6 adders
  3 dart slugs
  3 ribbon worms
  4 orcs (D:5)
  7 endoplasms
  2 giant cockroaches
  17 goblins
  6 hobgoblins
  3 jackals (D:3)
  7 quokkas
  3 ball pythons
  4 bats
  5 frilled lizards
  7 kobolds
  6 rats
101 creatures vanquished.

Notes
Turn   | Place    | Note
-------+----------+-------------------------------------------
     0 | D:1      | 601d51SH the Hill Orc Fighter began the quest for the Orb.
     0 | D:1      | Reached XP level 1. HP: 19/19 MP: 1/1
    47 | D:1      | Found a faded altar of an unknown god.
   107 | D:1      | Reached XP level 2. HP: 23/27 MP: 2/2
   304 | D:1      | Reached XP level 3. HP: 33/33 MP: 3/3
   631 | D:2      | Noticed Robin
   643 | D:2      | Killed Robin
   644 | D:2      | Reached XP level 4. HP: 6/40 MP: 4/4
   646 | D:2      | Reached skill level 1 in Dodging
  1005 | D:2      | Identified the +7 short sword of Bloodstone {flame, rF+
                  | Int+3}
  1017 | D:2      | Noticed Natasha
  1023 | D:2      | Killed Natasha
  1024 | D:2      | Reached skill level 1 in Short Blades
  1024 | D:2      | Reached XP level 5. HP: 46/46 MP: 5/5
  1274 | D:3      | Found a shimmering blue altar of Sif Muna.
  1415 | D:3      | Reached skill level 2 in Short Blades
  1482 | D:3      | Noticed Grinder
  1484 | D:3      | Found a burning altar of Makhleb.
  1495 | D:3      | Paralysed by Grinder for 3 turns
  1506 | D:3      | Reached skill level 3 in Short Blades
  1506 | D:3      | Reached XP level 6. HP: 37/52 MP: 6/6
  1509 | D:3      | Paralysed by Grinder for 2 turns
  1515 | D:3      | Killed Grinder
  1516 | D:3      | Reached skill level 5 in Short Blades
  1727 | D:3      | Found a glowing golden altar of the Shining One.
  1929 | D:4      | You fall into a shaft and drop 3 floors!
  1971 | D:6      | Reached XP level 7. HP: 51/59 MP: 7/7
  2071 | D:5      | Entered Level 5 of the Dungeon
  2113 | D:5      | Reached skill level 6 in Short Blades
  2328 | D:5      | Found Laophy's Neck Hole.
  2428 | D:5      | Reached XP level 8. HP: 60/66 MP: 8/8
  2705 | D:5      | Noticed a wyvern
  2713 | D:5      | Killed a wyvern
  2979 | D:5      | Noticed Ijyb
  2991 | D:5      | Killed Ijyb
  2996 | D:5      | HP: 2/66 [poisoned by Ijyb]
  2997 | D:5      | Succumbed to Ijyb's poison

Illustrated notes

Levels and vault maps discovered:
D:1:      amcnicky_arrival_gap_in_the_tavern_cellar, layout_basic,
          serial_forest, infiniplex_forest_lined_room_2,
          infiniplex_forest_lined_2, infiniplex_forest_zigzag_1,
          infiniplex_forest_clump_small, infiniplex_forest_clump_tiny,
          infiniplex_forest_side_room, infiniplex_forest_clump_medium,
          infiniplex_forest_end_1, infiniplex_forest_clump_medium,
          basic_ecumenical_altar
D:2:      layout_rooms, uniq_robin, uniq_natasha
D:3:      layout_rooms, old_standard_altar,
          mainiacjoe_overflow_concentric_impassable, tso_altar, uniq_grinder
D:4:      layout_rooms, uniq_blork_the_orc
D:5:      layout_basic, enter_ossuary_2, nrook_uturn,
          nicolae_shop_sticking_my_neck_out, uniq_ijyb
D:6:      layout_cave_pods, nzn_wu_jian_council_hall
D:7:      layout_layer_cave, mainiacjoe_overflow_six_doors_small,
          temple_fountains

Skill      XL: |  1  2  3  4  5  6  7  8 |
---------------+-------------------------+-----
Axes           | 3 4 |  4.0
Fighting       | 4 |  4.1
Dodging        | 1 2 3 4 |  4.6
Short Blades   | 1 3 5 6 |  6.2
Armour         | 4 |  4.0
Shields        | |  3.6

Action                     |  1- 3 |  4- 6 |  7- 9 || total
---------------------------+-------+-------+-------++-------
  Melee: War axe           |    69 |    30 |       ||    99
         Short sword       |       |    70 |    73 ||   143
    Use: Potion            |     1 |       |       ||     1
         Scroll            |       |       |     4 ||     4
 Armour: Scale mail        |    65 |    66 |    46 ||   177
  Dodge: Dodged            |    45 |    47 |    22 ||   114
  Block: Buckler           |    19 |    26 |     7 ||    52
